 Dungeon Crawl Stone Soup version 0.32-a0-898-g7811c86cf0 (webtiles) character file.

Game seed: 5835194000313029436

1899 Biggs the Skirmisher (level 9, -1/68 HPs)
             Began as a Coglin Hunter on Apr 5, 2024.
             Was a Follower of Okawaru.
             Slain by Maurice
             ... wielding a +0 dagger
              (7 damage)
             ... on level 7 of the Dungeon.
             The game lasted 00:12:02 (5917 turns).

Biggs the Skirmisher (Coglin Hunter)                Turns: 5917, Time: 00:12:03

Health: -1/68      AC:  4    Str: 12    XL:     9   Next: 15%
Magic:  6/9        EV: 14    Int:  9    God:    Okawaru [*.....]
Gold:   0          SH:  0    Dex: 21    Spells: 8/8 levels left

rFire   . . .        a - +2 sling {Amyrtaeus}
rCold   . . .        d - +0 sling {Tejnoor}
rNeg    . . .        c - +0 leather armour
rPois   .            (no helmet)
rElec   .            n - +0 cloak
rCorr   .            (no gloves)
SInv    .            (no boots)
Will    .....        (amulet unavailable)
Stlth   ++           (ring unavailable)
HPRegen 0.31/turn    (ring unavailable)
MPRegen 0.11/turn    (no gizmo)

%: no passive effects
@: revving
A: off-hand wielding, slow wielding, warmup strikes, no jewellery
a: Invent Gizmo, Renounce Religion, Heroism


You were on level 7 of the Dungeon.
You worshipped Okawaru.
Okawaru was aware of your devotion.
You visited 2 branches of the dungeon, and saw 9 of its levels.

You collected 188 gold pieces.
You spent 188 gold pieces at shops.

Inventory:

Hand Weapons
 a - a +2 sling (weapon) {Amyrtaeus}
 d - a +0 sling (offhand) {Tejnoor}
Armour
 c - a +0 leather armour (worn)
 n - a +0 cloak (worn)
Wands
 y - a wand of warping (2)
 z - a wand of flame (8)
Scrolls
 b - 2 scrolls of identify
 e - 6 scrolls of teleportation
 f - a scroll of amnesia
 g - a scroll of fear
 h - a scroll of noise {unknown}
 l - a scroll of immolation
 m - 2 scrolls of silence
 o - a scroll of enchant armour
 t - a scroll of fog
 u - a scroll of vulnerability
 v - 3 scrolls of enchant weapon
Potions
 i - 2 potions of resistance
 j - a potion of invisibility {unknown}
 k - a potion of brilliance {unknown}
 p - 2 potions of might {unknown}
 q - 2 potions of curing {unknown}
 r - a potion of heal wounds
 s - a potion of magic {unknown}
 w - a potion of mutation {unknown}
 x - a potion of cancellation {unknown}


   Skills:
 - Level 5.0 Fighting
 - Level 9.0 Ranged Weapons
 + Level 5.6 Dodging
 - Level 0.7 Stealth


You had 8 spell levels left.
You didn't know any spells.
Your spell library contained the following spells:

 Spells                   Type           Power      Damage    Failure   Level
 Magic Dart               Conj           0%         1d3       45%         1
 Shock                    Conj/Air       0%         1d3       45%         1
 Blink                    Tloc           0%         N/A       61%         2
 Sublimation of Blood     Necr           0%         N/A       61%         2
 Fugue of the Fallen      Necr           0%         N/A       83%         3
 Ozocubu's Armour         Ice            0%         N/A       83%         3
 Swiftness                Air            0%         N/A       83%         3
 Airstrike                Air            0%         2d(0-16)  99%         4
 Brom's Barrelling Bould  Conj/Erth      0%         2d3       99%         4
 Petrify                  Alch/Erth      0%         N/A       99%         4
 Fireball                 Conj/Fire      0%         3d3       100%        5
 Irradiate                Conj/Alch      0%         3d11      100%        5
 Iskenderun's Battlesphe  Conj           0%         2d6       100%        5
 Conjure Ball Lightning   Conj/Air       0%         3x3d6     100%        6
 Manifold Assault         Tloc           0%         N/A       100%        7
 Orb of Destruction       Conj           0%         9d5       100%        7
 Call Imp                 Summ           Unusable   N/A       N/A         2

Dungeon Overview and Level Annotations

Branches:
Dungeon (8/15)             Temple (1/1) D:7
   Lair: D:8-11

Altars:
Cheibriados
Elyvilon
Fedhas
Gozag
Hepliaklqana
Makhleb
Nemelex Xobeh
Okawaru
Qazlal
Ru
Trog
Uskayaw
Wu Jian
Xom
Yredelemnul
Zin
The Shining One

Shops:
D:6 =(?

Annotations:
D:7 Dowan, Duvessa, Maurice


Innate Abilities, Weirdness & Mutations

You can wield a second weapon in your off-hand.
It takes a long time for you to wield or remove held weapons.
Your first few attacks do less damage.
You cannot equip rings or amulets.


Message History

Unknown command.
No target in view!
No target in view!
Unknown command.
No target in view!
You shoot a sling bullet. x2
You hear a zap.
A puff of flame appears from out of thin air!
The puff of flame hits you!
You shoot a sling bullet. x2; Something hits you.
Something mutters, "Now where did you hide it?"
Something bites you but does no damage.
You shoot a sling bullet. x2; Something closely misses you.
Something barely misses you.
You shoot a sling bullet. x2
You hear a zap.
A puff of flame appears from out of thin air!
The puff of flame hits you!
You shoot a sling bullet. x2
You hear a zap.
A puff of flame appears from out of thin air!
The puff of flame hits you.
You shoot a sling bullet. x2; Something barely misses you.
Something bites you.
You feel your power leaking away. Something drains your magic.
You shoot a sling bullet. x2; Something hits you.
Something grunts, "Curses!"
Something bites you.
* * * LOW HITPOINT WARNING * * *
You feel your power leaking away. Something drains your magic.
You shoot a sling bullet. x2
You hear a zap.
A puff of flame appears from out of thin air!
The puff of flame misses you.
You shoot a sling bullet. x2; Something hits you!
* * * LOW HITPOINT WARNING * * *
Something groans, "What are you, a monk?"
Something bites you!
You die...

#.........#
##.........#
#...#......#
..##.?........###.#
#.................
####..........## #
#...........#.#
####........#.#
#...#@.....# #
##...{....###.#
#...>.#.......#
#.#.......#.#.#
[..#....<#.#.# #
#.#####.#.###.# #.
...#.# #.# #
#####.# #.. #.# ###


There were no monsters in sight!

Vanquished Creatures
  Sigmund (D:5)
  An ice beast (D:6)
  A black bear (D:5)
  2 wolves (D:8)
  A centaur (D:7)
  A phantom (D:6)
  A kobold brigand (D:8)
  A bullfrog (D:6)
  3 scorpions
  3 killer bees (D:8)
  A bombardier beetle (D:5)
  A howler monkey (D:6)
  2 hounds
  2 jellies
  A gnoll bouda (D:8)
  4 orc priests
  Terence (D:3)
  6 iguanas
  4 orc wizards
  A sleepcap (D:6)
  2 gnolls (D:8)
  2 adders
  2 ufetubi (D:7)
  4 ribbon worms
  18 orcs
  4 endoplasms
  A giant cockroach (D:4)
  3 hobgoblins
  7 jackals
  13 kobolds
  4 quokkas
  7 ball pythons
  9 bats
  3 frilled lizards
  6 goblins
  2 rats
125 creatures vanquished.

Notes
Turn   | Place    | Note
-------+----------+-------------------------------------------
     0 | D:1      | Biggs the Coglin Hunter began the quest for the Orb.
     0 | D:1      | Reached XP level 1. HP: 16/16 MP: 1/1
    46 | D:1      | Reached skill level 4 in Ranged Weapons
    46 | D:1      | Reached XP level 2. HP: 22/22 MP: 2/2
   521 | D:1      | Reached XP level 3. HP: 27/27 MP: 3/3
  1657 | D:3      | Reached skill level 5 in Ranged Weapons
  1657 | D:3      | Reached XP level 4. HP: 27/33 MP: 4/4
  1918 | D:3      | Found a hazy altar of Hepliaklqana.
  1920 | D:3      | Noticed Terence
  1930 | D:3      | Killed Terence
  1931 | D:3      | Reached XP level 5. HP: 28/38 MP: 5/5
  2995 | D:5      | Entered Level 5 of the Dungeon
  3004 | D:5      | Reached skill level 6 in Ranged Weapons
  3102 | D:5      | Reached XP level 6. HP: 44/44 MP: 6/6
  3215 | D:5      | Noticed Sigmund
  3217 | D:5      | Noticed a black bear
  3222 | D:5      | Killed Sigmund
  3223 | D:5      | Reached skill level 7 in Ranged Weapons
  3223 | D:5      | Reached XP level 7. HP: 31/50 MP: 7/7
  3424 | D:5      | Reached skill level 8 in Ranged Weapons
  4027 | D:6      | Found Pell's Jewellery Shoppe.
  4091 | D:6      | Reached XP level 8. HP: 35/56 MP: 8/8
  4096 | D:6      | Reached skill level 9 in Ranged Weapons
  4270 | D:6      | Found Lunom Jiokeu's Antique Weapon Shop.
  4362 | D:6      | Reached skill level 5 in Fighting
  4416 | D:6      | Found Zyecy's Magic Scroll Boutique.
  4424 | D:6      | Bought a scroll of enchant weapon for 97 gold pieces
  4424 | D:6      | Bought a scroll of identify for 26 gold pieces
  4424 | D:6      | Bought a scroll of identify for 26 gold pieces
  4424 | D:6      | Bought a scroll of teleportation for 39 gold pieces
  4816 | D:7      | Noticed Maurice
  4894 | D:7      | Noticed Dowan
  4899 | D:7      | Noticed Duvessa
  4911 | D:7      | Found a staircase to the Ecumenical Temple.
  4916 | Temple   | Entered the Ecumenical Temple
  4983 | Temple   | Became a worshipper of Warmaster Okawaru
  5468 | D:8      | Reached XP level 9. HP: 35/68 MP: 9/9
  5486 | D:8      | Reached skill level 5 in Dodging
  5488 | D:8      | Reached * piety under Okawaru
  5597 | D:8      | Noticed a troll
  5884 | D:8      | Noticed a boulder beetle
  5901 | D:7      | Maurice stole 111 gold
  5917 | D:7      | Slain by Maurice

Illustrated notes

Levels and vault maps discovered:
D:1:      reono_arrival_forest_river, layout_basic, minmay_box_of_dots
D:2:      layout_basic
D:3:      layout_loops_ring, lemuel_round_altar, uniq_terence
D:4:      layout_basic, minivault_23, kennysheep_path_1
D:5:      layout_layer_cave, minmay_misc_feat_enclosed, minmay_misc_feat_iff,
          minmay_statues_item, uniq_sigmund
D:6:      layout_loops_ring, serial_shops, shop_statue, shop, shop
D:7:      layout_basic, chequers_temple_overflow_minitemple,
          minmay_temple_entry_proselytizer, uniq_duvessa, uniq_maurice,
          uniq_menkaure
D:8:      layout_loops_ring, erik_lair_island
Temple:   nicolae_temple_bog_church

Skill      XL: |  1  2  3  4  5  6  7  8  9 |
---------------+----------------------------+-----
Ranged Weapons | 4 5 6 7 8 9 |  9.0
Fighting       | 5 |  5.0
Dodging        | 4 5 |  5.6
Stealth        | |  0.7

Action                     |  1- 3 |  4- 6 |  7- 9 || total
---------------------------+-------+-------+-------++-------
   Fire: Sling             |   176 |   150 |   516 ||   842
    Use: Scroll            |       |       |    12 ||    12
 Armour: Leather armour    |    18 |    18 |    90 ||   126
  Dodge: Dodged            |    20 |    26 |   103 ||   149

Table legend: (Time is in decaauts)
 A = Elapsed time spent in this place.
 B = Non-inter-level travel time spent in this place.
 C = Inter-level travel time spent in this place.
 D = Time resting spent in this place.
 E = Time spent auto-exploring this place.
 F = Levels seen in this place.
 G = Mean time per level.
                   A        B        C        D        E       F      G
               +--------+--------+--------+--------+--------+-----+--------+
         Total |   5966 |   5704 |    262 |    254 |   4604 |   9 |  662.9 |
       Dungeon |   5890 |   5641 |    249 |    194 |   4604 |   8 |  736.2 |
        Temple |     75 |     62 |     13 |     60 |      0 |   1 |   75.0 |
               +--------+--------+--------+--------+--------+-----+--------+

Top non-repeatable levels by time:
     D:5: 1016 daAuts
     D:8: 885 daAuts
     D:6: 837 daAuts
     D:4: 835 daAuts
     D:3: 771 daAuts
     D:2: 750 daAuts
     D:1: 681 daAuts
     D:7: 112 daAuts
  Temple: 75 daAuts
